 Dungeon Crawl Stone Soup version 0.16-a0-3699-g1c51eb1 (webtiles) character file.

249 Gorice the Covered (level 5, 0/40 HPs)
             Began as a Demigod Wanderer on Jan 18, 2015.
             Killed by divine providence
             ... invoked by an orc priest
              (11 damage)
             ... on level 4 of the Dungeon.
             The game lasted 00:20:25 (3479 turns).

Gorice the Covered (Demigod Wanderer)               Turns: 3479, Time: 00:20:25

Health: 0/40       AC: 14    Str: 22    XL:     5   Next: 56%
Magic:  10/10      EV:  8    Int: 16    God:
Gold:   130        SH:  0    Dex: 15    Spells: 0 memorised, 7 levels left

rFire  . . .     SeeInvis .     a - +1 spear
rCold  + . .     Clarity  .     y - +0 chain mail
rNeg   . . .     SustAb   +     (no shield)
rPois  .         Gourm    .     E - +0 helmet
rElec  .         Spirit   .     I - +0 cloak
rCorr  .         Warding  .     e - +0 pair of gloves
rMut   .         Stasis   .     q - +0 pair of boots
MR     .....                    (no amulet)
Stlth  ..........               (no ring)
                                u - ring of protection from cold (curse)

@: mighty, drained, not resistant to hostile enchantments, extremely unstealthy
A: sustain abilities
a: no special abilities


You were on level 4 of the Dungeon.
You were very hungry.

You visited 1 branch of the dungeon, and saw 4 of its levels.

You collected 130 gold pieces.

Inventory:

Hand weapons
 a - a +1 spear (weapon)
 b - a +1 dagger of venom
   (You found it on level 1 of the Dungeon)
 B - a +2 blowgun
Missiles
 i - 5 tomahawks (quivered)
 j - 7 javelins
 J - a curare-tipped needle
 Z - 103 stones
Armour
 e - a +0 pair of gloves (worn)
 q - a +0 pair of boots (worn)
 r - a +0 ring mail
 y - a +0 chain mail (worn)
 E - a +0 helmet (worn)
 I - a +0 cloak (worn)
Jewellery
 p - an uncursed ring of ice
 u - a cursed ring of protection from cold (left hand)
Magical devices
 h - a wand of lightning (6)
 C - a wand of hasting (0)
 K - a wand of digging (7)
Scrolls
 s - a scroll of enchant weapon
 t - 2 scrolls of blinking
 w - 4 scrolls of remove curse
Potions
 c - a potion of poison {unknown}
 d - 3 potions of curing
 m - a potion of heal wounds {unknown}
 z - a potion of flight
 G - a potion of brilliance
Comestibles
 f - a bread ration
 g - a slice of pizza
 l - 2 meat rations


   Skills:
 - Level 1.0(0.7) Fighting
 + Level 3.7(3.4) Polearms
 - Level 1.0(0.7) Throwing
 + Level 5.1(4.9) Armour
   Level 1.0(0.7) Shields
 - Level 1.7(1.5) Spellcasting
   Level 1.0(0.7) Summonings


You had 7 spell levels left.
You didn't know any spells.

Dungeon Overview and Level Annotations

Branches:
Dungeon (4/15)
 Temple: D:4-7

Annotations:
D:2 Jessica


Innate Abilities, Weirdness & Mutations

Your attributes are resistant to harm.


Message History

The orc wizard hits you but does no damage.
You hit the orc priest but do no damage.
The orc priest is lightly wounded.
You hit the orc priest.
The orc priest is lightly wounded.
The orc wizard hits you but does no damage.
The orc priest hits you with a flail.
* * * LOW HITPOINT WARNING * * *
Drink which item? (? for menu, Esc to quit)
You feel very mighty all of a sudden.
The orc priest hits you but does no damage.
You hit the orc priest.
The orc priest is severely wounded.
The orc wizard hits you but does no damage.
The orc hits you with a whip of draining.
* * * LOW HITPOINT WARNING * * *
You feel drained.
The orc priest calls down the wrath of Beogh upon you.
Something smites you!
You die...

...#.#...#....#.#.
..................
.........#........ o.
.................. o##.#
#..............#.. ...#.#
#..............#..
..oo#.###.................
#.#......#..%..........#...
...#.o.<..#@o...[...........
........!#oo.........#..#..
#........................
#......##.......#..##....
#.#........##...#...#....
#.......#.###...#...#....
#..........##............
#....#.#.#.##.....#######
#.....................)..


You could see an orc priest, an orc wizard and an orc.

Vanquished Creatures
  Crazy Yiuf (D:3)
  2 orc wizards
  A worker ant (D:4)
  Robin (D:3)
  A gnoll (D:1)
  4 adders
  2 worms (D:3)
  3 giant geckos
  7 orcs
  3 bats
  12 goblins
  10 hobgoblins
  9 jackals
  A quokka (D:2)
  A ball python (D:3)
  2 giant cockroaches
  3 giant newts
  6 kobolds
  A quokka skeleton (D:4)
  8 rats
78 creatures vanquished.

Notes
Turn   | Place    | Note
--------------------------------------------------------------
     0 | D:1      | Gorice, the Demigod Wanderer, began the quest for the Orb.
     0 | D:1      | Gorice set off with: 2 curare-tipped needles, a +2 blowgun, a +0 spear, a potion of curing, a +0 robe, a bread ration
     0 | D:1      | Reached XP level 1. HP: 16/16 MP: 3/3
   292 | D:1      | Reached skill level 1 in Polearms
   292 | D:1      | Reached XP level 2. HP: 18/23 MP: 4/4
   518 | D:1      | Reached skill level 2 in Polearms
  1002 | D:2      | Reached XP level 3. HP: 24/28 MP: 7/7
  1452 | D:2      | Noticed Jessica
  1495 | D:2      | Reached skill level 4 in Armour
  1642 | D:3      | Found a blossoming altar of Fedhas.
  1715 | D:3      | Reached XP level 4. HP: 25/35 MP: 9/9
  1759 | D:3      | Noticed Robin
  2144 | D:3      | Killed Robin
  2144 | D:3      | Reached skill level 3 in Polearms
  2549 | D:3      | Noticed Crazy Yiuf
  2563 | D:3      | Killed Crazy Yiuf
  2563 | D:3      | Reached XP level 5. HP: 40/40 MP: 10/10
  2891 | D:4      | Reached skill level 5 in Armour
  3479 | D:4      | Killed from afar by an orc priest

Action                   |  1- 3 |  4- 6 || total
-------------------------+-------+-------++-------
Melee: Spear             |   128 |   158 ||   286
       Dagger            |       |    25 ||    25
 Fire: Blowgun           |     2 |     1 ||     3
Throw: Tomahawk          |    18 |    21 ||    39
       Javelin           |       |    12 ||    12
  Use: Scroll            |     3 |     8 ||    11
       Potion            |       |     1 ||     1
  Eat: Chunk             |     3 |     4 ||     7

Table legend:
 A = Turns spent in this place as a percentage of turns spent in the entire game.
 B = Non-inter-level travel turns spent in this place as a percentage of non-inter-level travel turns spent in the entire game.
 C = Inter-level travel turns spent in this place as a percentage of turns spent in this place.
 D = Turns resting spent in this place as a percentage of non-inter-level travel turns spent in this place.
 E = Turns spent auto-exploring this place as a percentage of non-inter-level travel turns spent in this place.
 F = Non-inter-level travel turns spent in this place divided by the number of levels of this place that you've seen.
                   A       B       C       D       E      F
               +-------+-------+-------+-------+-------+----------------------
         Total | 100.0 | 100.0 |   0.3 |   1.7 |   4.8 | 361.8
       Dungeon | 100.0 | 100.0 |   0.3 |   1.7 |   4.8 | 361.8
               +-------+-------+-------+-------+-------+----------------------

Vault maps used:
D:1:      minmay_arrival_three_doors
D:2:      uniq_jessica
D:3:      fedhas_altar_1, uniq_robin, uniq_crazy_yiuf_cottage
D:4:      minitemple, first_bread, serial_co_window_serial, co_window_corner_a,
          co_window_corner_a, co_window_corner_a, co_window_cross_1,
          co_window_paths_a, co_window_paths_a, co_window_paths_b,
          co_window_of_opportunity_b, co_window_2corner,
          co_window_unsneaky_path_b, co_window_2corner,
          co_window_unsneaky_path_b, glass_columns_b, glass_columns_a,
          glass_columns_c, glass_columns_b, glass_columns_b
